SL
ATLANTA SMOKE @ PHILADEPHIA 1776 BC
07/29/2017
 
TOP OF THE 1ST
SC Storm batting - Pitching for Norfolk Cruisers : RHP Gilberto Ibarra
Pitching: RHP Gilberto Ibarra
Batting: LHB Vern Forrest 0-0: Ball
1-0: SINGLE (Flyball, 78S)
Batting: RHB Bob Myers 0-0: Called Strike
0-1: SINGLE (Groundball, 5)
Vern Forrest to second
Batting: LHB Aukukero Mincarlie 0-0: Foul Ball, location: 2F
0-1: Ball
1-1: Called Strike
Vern Forrest steals 3rd base
Bob Myers to second
1-2: Ball
2-2: Foul Ball, location: 2F
2-2: Foul Ball, location: 2F
2-2: SINGLE (Line Drive, 34D)
Vern Forrest scores
Bob Myers to third
Runner from 3rd tries for Home, SAFE, no throw or cutoff
Batting: RHB Kyle Myers 0-0: Ball
1-0: Ball
2-0: Called Strike
2-1: Fly out, F7 (Flyball, 7D)
Batting: RHB Lane Rich 0-0: Called Strike
0-1: Fly out, F7 (Flyball, 7LM)
Batting: RHB Billy Farley 0-0: Fielders Choice at 2nd, U6 (Groundball, 6M)
Top of the 1st over - 2 run(s), 3 hit(s), 0 error(s), 1 left on base; SC 2 - Norfolk 0
BOTTOM OF THE 1ST
Norfolk Cruisers batting - Pitching for SC Storm : RHP Nate Connolly
Pitching: RHP Nate Connolly
Batting: RHB Félix Flores 0-0: Called Strike
0-1: Ball
1-1: Ball
2-1: Ground out 6-3 (Groundball, 6M)
Batting: RHB Bill Childers 0-0: Foul Ball, location: 2F
0-1: Called Strike
0-2: Ground out 6-3 (Groundball, 6M)
Batting: RHB Carlos Rodríguez 0-0: Ball
1-0: Foul Ball, location: 2F
1-1: Foul Ball, location: 2F
1-2: Ground out 6-3 (Groundball, 6M)
Bottom of the 1st over - 0 run(s), 0 hit(s), 0 error(s), 0 left on base; SC 2 - Norfolk 0
TOP OF THE 2ND
SC Storm batting - Pitching for Norfolk Cruisers : RHP Gilberto Ibarra
Batting: RHB Jorge Rocha 0-0: Ball
1-0: Swinging Strike
1-1: Ball
2-1: Ground out 5-3 (Groundball, 56)
Batting: RHB Ron Humboldt 0-0: Ground out 4-3 (Groundball, 4)
Batting: RHB Nate Connolly 0-0: SINGLE (Groundball, 56D)
Batting: LHB Vern Forrest 0-0: Called Strike
0-1: Ball
1-1: Foul Ball, location: 2F
1-2: Ground out 4-3 (Groundball, 4)
Top of the 2nd over - 0 run(s), 1 hit(s), 0 error(s), 1 left on base; SC 2 - Norfolk 0
BOTTOM OF THE 2ND
Norfolk Cruisers batting - Pitching for SC Storm : RHP Nate Connolly
Batting: RHB Colby Turner 0-0: SINGLE (Groundball, 5S)
Batting: RHB San-gui Liang 0-0: Called Strike
0-1: Swinging Strike
0-2: Ball
1-2: SINGLE (Flyball, 9S)
Colby Turner to second
Runner from 2nd tries for 3rd, SAFE, throw made to third
Batting: SHB Omar Gutiérrez 0-0: Ball
1-0: Ball
2-0: Ball
3-0: Called Strike
3-1: Fielders Choice at 2nd, 1-4 (Groundball, 13S)
Batting: RHB Terry Sylvester 0-0: Called Strike
0-1: Ball
1-1: 3-RUN HOME RUN (Flyball, 78XD), Distance : 436 ft
Batting: RHB Cipriano Oliveira 0-0: Ball
1-0: Called Strike
1-1: Fly out, F7 (Flyball, 7M)
Batting: RHB Gilberto Ibarra 0-0: Foul Ball, location: 2F
0-1: Swinging Strike
0-2: Strikes out swinging
Bottom of the 2nd over - 3 run(s), 3 hit(s), 0 error(s), 0 left on base; SC 2 - Norfolk 3
TOP OF THE 3RD
SC Storm batting - Pitching for Norfolk Cruisers : RHP Gilberto Ibarra
Batting: RHB Bob Myers 0-0: Fly out, F8 (Flyball, 8LM)
Batting: LHB Aukukero Mincarlie 0-0: Ground out 4-3 (Groundball, 4)
Batting: RHB Kyle Myers 0-0: Ground out 5-3 (Groundball, 5S)
Top of the 3rd over - 0 run(s), 0 hit(s), 0 error(s), 0 left on base; SC 2 - Norfolk 3
BOTTOM OF THE 3RD
Norfolk Cruisers batting - Pitching for SC Storm : RHP Nate Connolly
Batting: RHB Félix Flores 0-0: Swinging Strike
0-1: Ball
1-1: Called Strike
1-2: Foul Ball, location: 2F
1-2: SINGLE (Flyball, 78S)
Batting: RHB Bill Childers 0-0: Ball
1-0: SINGLE (Line Drive, 34)
Félix Flores to second
Batting: RHB Carlos Rodríguez 0-0: Fly out, F4 (Popup, 4)
Batting: RHB Colby Turner 0-0: Swinging Strike
0-1: Ball
1-1: Ball
2-1: Ball
3-1: Base on Balls
Félix Flores to third
Bill Childers to second
Batting: RHB San-gui Liang 0-0: Called Strike
0-1: Ball
1-1: Ball
2-1: Ball
3-1: Base on Balls
Félix Flores scores
Bill Childers to third
Colby Turner to second
Batting: SHB Omar Gutiérrez 0-0: Foul Ball, location: 2F
0-1: Called Strike
0-2: SINGLE (Groundball, 6MD)
Bill Childers scores
Colby Turner to third
San-gui Liang to second
Batting: RHB Terry Sylvester 0-0: Called Strike
0-1: Ball
1-1: Swinging Strike
1-2: Fly out, F8 (Flyball, 8RXD)
Runner from 3rd tags up, SCORES, no throw
Pitching: RHP Héctor Amaya
Batting: RHB Cipriano Oliveira 0-0: Swinging Strike
0-1: Foul Ball, location: 2F
0-2: Strikes out swinging
Bottom of the 3rd over - 3 run(s), 3 hit(s), 0 error(s), 2 left on base; SC 2 - Norfolk 6
TOP OF THE 4TH
SC Storm batting - Pitching for Norfolk Cruisers : RHP Gilberto Ibarra
Batting: RHB Lane Rich 0-0: Ball
1-0: Ground out 1-3 (Groundball, 15S)
Batting: RHB Billy Farley 0-0: Called Strike
0-1: Hit by Pitch
Batting: RHB Jorge Rocha 0-0: Ball
1-0: Called Strike
1-1: Called Strike
1-2: Ball
2-2: Ball
3-2: Foul Ball, location: 2F
3-2: Foul Ball, location: 2F
3-2: Grounds into double play, 6-4-3 (Groundball, 6M)
Top of the 4th over - 0 run(s), 0 hit(s), 0 error(s), 0 left on base; SC 2 - Norfolk 6
BOTTOM OF THE 4TH
Norfolk Cruisers batting - Pitching for SC Storm : RHP Héctor Amaya
Batting: RHB Gilberto Ibarra 0-0: Foul Ball, location: 2F
0-1: Ball
1-1: Ball
2-1: Foul Ball, location: 2F
2-2: Ball
3-2: Foul Ball, location: 2F
3-2: Foul Ball, location: 2F
3-2: Foul Ball, location: 2F
3-2: Ground out 5-3 (Groundball, 5L)
Batting: RHB Félix Flores 0-0: Fly out, F8 (Flyball, 8RM)
Batting: RHB Bill Childers 0-0: Called Strike
0-1: Swinging Strike
0-2: Foul Ball, location: 2F
0-2: Foul Ball, location: 2F
0-2: Strikes out swinging
Bottom of the 4th over - 0 run(s), 0 hit(s), 0 error(s), 0 left on base; SC 2 - Norfolk 6
TOP OF THE 5TH
SC Storm batting - Pitching for Norfolk Cruisers : RHP Gilberto Ibarra
Batting: RHB Ron Humboldt 0-0: Called Strike
0-1: Ball
1-1: Ball
2-1: Ground out 4-3 (Groundball, 4M)
Batting: RHB Héctor Amaya 0-0: Ball
1-0: Ball
2-0: Foul Ball, location: 2F
2-1: DOUBLE (Line Drive, 89M)
Batting: LHB Vern Forrest 0-0: Called Strike
0-1: Swinging Strike
0-2: Ball
1-2: Foul Ball, location: 2F
1-2: Strikes out looking
Batting: RHB Bob Myers 0-0: Ball
1-0: Foul Ball, location: 2F
1-1: Ground out 6-3 (Groundball, 6MS)
Top of the 5th over - 0 run(s), 1 hit(s), 0 error(s), 1 left on base; SC 2 - Norfolk 6
BOTTOM OF THE 5TH
Norfolk Cruisers batting - Pitching for SC Storm : RHP Héctor Amaya
Batting: RHB Carlos Rodríguez 0-0: Hit by Pitch
Batting: RHB Colby Turner 0-0: Ball
1-0: Ball
2-0: Called Strike
2-1: Ball
3-1: Base on Balls
Carlos Rodríguez to second
Batting: RHB San-gui Liang 0-0: Called Strike
0-1: Ball
1-1: Grounds into double play, 5-4-3 (Groundball, 5)
Carlos Rodríguez to third
Batting: SHB Omar Gutiérrez 0-0: Ground out 4-3 (Groundball, 4M)
Bottom of the 5th over - 0 run(s), 0 hit(s), 0 error(s), 1 left on base; SC 2 - Norfolk 6
TOP OF THE 6TH
SC Storm batting - Pitching for Norfolk Cruisers : RHP Gilberto Ibarra
Batting: LHB Aukukero Mincarlie 0-0: Called Strike
0-1: SINGLE (Line Drive, 6MD)
Batting: RHB Kyle Myers 0-0: SINGLE (Line Drive, 34D)
Aukukero Mincarlie to second
Batting: RHB Lane Rich 0-0: Ball
1-0: Ball
2-0: Called Strike
2-1: Fly out, F8 (Flyball, 8RS)
Batting: RHB Billy Farley 0-0: Foul Ball, location: 2F
0-1: Called Strike
0-2: Ball
1-2: Foul Ball, location: 2F
1-2: Ground out 1-3 (Groundball, 34S)
Aukukero Mincarlie to third
Kyle Myers to second
Batting: RHB Jorge Rocha 0-0: Swinging Strike
0-1: Foul Ball, location: 2F
0-2: Ball
1-2: Ball
2-2: Strikes out swinging
Top of the 6th over - 0 run(s), 2 hit(s), 0 error(s), 2 left on base; SC 2 - Norfolk 6
BOTTOM OF THE 6TH
Norfolk Cruisers batting - Pitching for SC Storm : RHP Héctor Amaya
Batting: RHB Terry Sylvester 0-0: Called Strike
0-1: Swinging Strike
0-2: Ball
1-2: Ball
2-2: Foul Ball, location: 2F
2-2: Ball
3-2: Foul Ball, location: 2F
3-2: Strikes out swinging
Batting: RHB Cipriano Oliveira 0-0: Called Strike
0-1: Ball
1-1: Called Strike
1-2: Ground out 4-3 (Groundball, 4)
Pitching: RHP José Sánchez
Batting: RHB Gilberto Ibarra 0-0: Called Strike
0-1: Ball
1-1: Foul Ball, location: 2F
1-2: Ball
2-2: Strikes out swinging
Bottom of the 6th over - 0 run(s), 0 hit(s), 0 error(s), 0 left on base; SC 2 - Norfolk 6
TOP OF THE 7TH
SC Storm batting - Pitching for Norfolk Cruisers : RHP Gilberto Ibarra
Batting: RHB Ron Humboldt 0-0: Ball
1-0: Foul Ball, location: 2F
1-1: Bunt for hit - play at first, batter safe!
Pinch Hitting: LHB Jonathan Brock 0-0: Ball
Ron Humboldt is caught stealing 2nd base
1-0: SINGLE (Groundball, 4MD)
Batting: LHB Vern Forrest 0-0: Ball
1-0: Ball
Reached via error on a dropped throw, E1
Jonathan Brock to second
Batting: RHB Bob Myers 0-0: Called Strike
0-1: Foul Ball, location: 2F
0-2: Ball
1-2: Foul Ball, location: 2F
1-2: Ball
2-2: Ball
3-2: Foul Ball, location: 2F
3-2: Foul Ball, location: 2F
3-2: Foul Ball, location: 2F
3-2: Fly out, F2 (Popup, 2RF)
Batting: LHB Aukukero Mincarlie 0-0: Called Strike
0-1: Ball
1-1: Ball
2-1: Ball
3-1: Called Strike
3-2: Foul Ball, location: 2F
3-2: Ground out 3-1 (Groundball, 34S)
Top of the 7th over - 0 run(s), 2 hit(s), 1 error(s), 2 left on base; SC 2 - Norfolk 6
BOTTOM OF THE 7TH
Norfolk Cruisers batting - Pitching for SC Storm : RHP José Sánchez
Pitching: LHP Mike Benjamin
Batting: RHB Félix Flores 0-0: SOLO HOME RUN (Flyball, 78XD), Distance : 427 ft
Batting: RHB Bill Childers 0-0: Ball
1-0: Swinging Strike
1-1: Swinging Strike
1-2: Strikes out swinging
Batting: RHB Carlos Rodríguez 0-0: Ball
1-0: Called Strike
1-1: Swinging Strike
1-2: Ball
2-2: Ball
3-2: Fly out, F4 (Popup, 34D)
Batting: RHB Colby Turner 0-0: Ball
1-0: Called Strike
1-1: SOLO HOME RUN (Flyball, 7D), Distance : 383 ft
Batting: RHB San-gui Liang 0-0: Called Strike
0-1: Ball
1-1: Ball
2-1: DOUBLE (Flyball, 89XD)
Pitching: LHP Jeffrey Little
Batting: SHB Omar Gutiérrez 0-0: Ball
1-0: Called Strike
1-1: Ball
2-1: Foul Ball, location: 2F
2-2: Strikes out swinging
Bottom of the 7th over - 2 run(s), 3 hit(s), 0 error(s), 1 left on base; SC 2 - Norfolk 8
TOP OF THE 8TH
SC Storm batting - Pitching for Norfolk Cruisers : RHP Gilberto Ibarra
Pitching: RHP Brian Bradley
Now at C: Floyd Mitchell
Now at 2B: Carlos Montoya
Batting: RHB Kyle Myers 0-0: Ball
1-0: Ball
2-0: Ball
3-0: Called Strike
3-1: Called Strike
3-2: Base on Balls
Batting: RHB Lane Rich 0-0: Called Strike
0-1: Swinging Strike
0-2: Ball
1-2: SINGLE (Line Drive, 34)
Kyle Myers to second
Runner from 2nd tries for 3rd, SAFE, throw made to third
Batting: RHB Billy Farley 0-0: Fly out, F7 (Flyball, 78D)
Runner from 3rd tags up, SCORES, no throw
Pitching: RHP Gonçalo Conxacha
Batting: RHB Jorge Rocha 0-0: Ball
1-0: Called Strike
1-1: Ball
2-1: Grounds into double play, 6-4-3 (Groundball, 56)
Top of the 8th over - 1 run(s), 1 hit(s), 0 error(s), 0 left on base; SC 3 - Norfolk 8
BOTTOM OF THE 8TH
Norfolk Cruisers batting - Pitching for SC Storm : LHP Jeffrey Little
Batting: RHB Terry Sylvester 0-0: Ball
1-0: Ground out 6-3 (Groundball, 6M)
Batting: RHB Cipriano Oliveira 0-0: Ball
1-0: Foul Ball, location: 2F
1-1: Foul Ball, location: 2F
1-2: Foul Ball, location: 2F
1-2: Fly out, F6 (Line Drive, 6)
Pinch Hitting: RHB José Mata 0-0: Called Strike
0-1: Ground out 5-3 (Groundball, 5L)
Bottom of the 8th over - 0 run(s), 0 hit(s), 0 error(s), 0 left on base; SC 3 - Norfolk 8
TOP OF THE 9TH
SC Storm batting - Pitching for Norfolk Cruisers : RHP Gonçalo Conxacha
Pitching: RHP Jon Shankle
Batting: RHB Ron Humboldt 0-0: SINGLE (Line Drive, 7S)
Pinch Hitting: RHB Adrian Draper 0-0: Ball
1-0: Grounds into double play, 4-6-3 (Groundball, 4)
Batting: LHB Vern Forrest 0-0: Called Strike
0-1: Ball
1-1: Ball
2-1: Fly out, F8 (Flyball, 8RD)
Top of the 9th over - 0 run(s), 1 hit(s), 0 error(s), 0 left on base; SC 3 - Norfolk 8
This league is powered by Out of the Park Baseball, the baseball management simulation game for PC, Mac and Linux
Saturday, February 27th, 2021 - OOTP Baseball 15.6 Build 34